 BcadrenCrawl: Boulder Brew version 0.06-240-gf756cca71e (webtiles) character file.

Game seed: 3914766844477762893, levelgen mode: deterministic

3153 gruber the Lasher (level 9, -2/123 HPs) Minotaur Berserker. Began on Aug 14, 2022. Was an Elder of Trog. Slain by an orc warrior ... wielding a +2 halberd of venom (25 damage) ... on level 4 of the Dungeon. The game lasted 00:11:51 (4359 turns).

gruber the Lasher (Minotaur Berserker)              Turns: 4359, Time: 00:11:52

Health: -2/123     AC: 10    Str: 30    XL:     9 ^: 1023
Magic:  8/8        EV: 14    Int:  4    God:    Trog [4* [111]]
Gold:   199        SH:  3    Dex: 17    Spells: 8/8 levels left

rFire    . . .     Slash    x   q - +5 leiomano (slash)
rCold    . . .     Pierce   .   C - +0 buckler
rNeg     . . .     Bludgeon .   k - +0 troll leather
rCorr    . . .     Vision   .   (helmet restricted)
rPois    .         Gourm    .   (no cloak)
rElec    .         Faith    .   (no gloves)
MR       +....     Spirit   .   (no boots)
HPRegen  1.31/turn Reflect  .   y - amulet of regeneration
MPRegen  0.18/turn Harm     .   A - ring of protection from magic Stlth ..........Rnd*Rage +
                                D - ring of protection

@: berserking, lethally poisoned (-2 -> -39), studying Bows, very quick
A: horns, retaliatory headbutt 2, DEX +7, soft flesh
a: Berserk, Trog's Hand, Brothers in Arms, Renounce Religion


You were on level 4 of the Dungeon.
You worshipped Trog.
Trog was greatly pleased with you.
You were very hungry.

You visited 1 branch of the dungeon, and saw 4 of its levels.

You collected 199 gold pieces.

Inventory:

Weapons
 g - a +4 dire flail of molten steel
 q - a +5 leiomano of slashing (weapon) Shields
 w - a +0 heater shield
 C - a +0 buckler (shield)
Armour
 k - a +0 troll leather (worn)
Jewellery
 b - a cursed ring of fire {(Curse: *Drain)}
 j - an uncursed ring of resist corrosion
 p - an uncursed ring of poison resistance
 s - an uncursed ring of positive energy
 y - an amulet of regeneration (around neck)
 A - a ring of protection from magic (left hand)
 D - a ring of protection (right hand)
Scrolls
 d - a scroll of holy word
 f - 2 scrolls of teleportation
 h - 3 scrolls of magic mapping
 l - a scroll of fear
 o - a scroll of fog
 u - a scroll of blinking
 v - 2 scrolls of enchantment
Potions
 a - a potion of cure mutation
 e - a potion of lignification
 i - a potion of magic
 t - 2 potions of heal wounds
 x - a potion of curing
Miscellaneous
 m - a lamp of fire
Comestibles
 c - 15 rations


   Skills:
 * Level 8.6 Fighting
 - Level 9.9(10.7) Whips & Flails
   Level 6.6(9.2) Maces & Staves
 - Level 6.0 Armour
 - Level 3.7 Dodging
 - Level 5.2 Shields


You had 8 spell levels left.
You didn't know any spells.
Your spell library was empty.

Dungeon Overview and Level Annotations

Branches:
Dungeon (4/8)              Temple (0/1) D:4

Altars:
Uskayaw
Vehumet


Innate Abilities, Weirdness & Mutations

You reflexively attack those that strike you in melee with your horns.
Your soft flesh is weak to deep cuts.
Heavy manmade armour will nullify this weakness. (rSlashing-)
You frequently lose your temper in combat.
This godly rage surpasses even clarity. (*Rage)
You are extremely agile. (DEX +7)


Message History

Unknown command.
You hit the orc warrior but do no damage.
Your headbutt misses the orc warrior.
The orc warrior is lightly wounded. (24/28) HP
* * * LOW HITPOINT WARNING * * *
You feel sick. (1)
You barely miss the orc warrior. You headbutt the orc warrior (6).
The orc warrior is moderately wounded. (18/28) HP
* * * LOW HITPOINT WARNING * * *
You feel sick. (2)
The orc warrior blocks your attack.
The orc warrior is moderately wounded. (18/28) HP
* * * LOW HITPOINT WARNING * * *
You feel sick. (2)
Your ogre goes berserk!
You are feeling very hungry.
* * * LOW HITPOINT WARNING * * *
You feel very sick. (4)
The orc warrior hits you with a +2 halberd of venom (25)!!
You are lacerated severely!
You die...

########### ..........#
#########.###
#########...##############
..............##.........#
..............##.........#
............<..oO........#
............####@........#
....##......#..#o........#
..........o.#)<=.....#####
...........o.).#.....########
............................#
.........>....)......######.#
.............).......#......#
...........)..)......#.######
.................#####.#


You could see an orc warrior, an orc and a friendly ogre (berserk).

Vanquished Creatures
  A troll (D:4)
  Menkaure (D:2)
  Eustachio (D:2)
  3 phantoms
  An orc warrior (D:4)
  A water moccasin (D:2)
  2 ogres (D:4)
  2 big kobolds (D:2)
  5 howler monkeys
  A hornet zombie (D:4)
  A llaibwca (D:4)
  6 orc priests
  4 hounds
  4 jellies (D:2)
  9 orc wizards
  A gnoll shaman (D:3)
  2 iguanas (D:4)
  3 worker ants
  7 giant cockroaches
  A porcupine skeleton (D:3)
  A cysgobwca (D:3)
  4 adders
  5 gnolls (D:3)
  18 sewer rats (D:2)
  12 cinder newts
  A bullfrog (D:4)
  An ooze (D:1)
  A hound skeleton (D:3)
  2 dart slugs (D:1)
  5 leopard geckos
  17 orcs
  An adder skeleton (D:3)
  3 ball pythons (D:2)
  9 bats
  A cinder newt skeleton (D:2)
  2 goblins (D:1)
  4 hobgoblins
  15 kobolds
  2 quokkas
  5 rats (D:1)
  A giant blowfly (D:2)
166 creatures vanquished.

Vanquished Creatures (collateral kills)
  A scorpion (D:4)
  2 wyvern zombies (D:4)
3 creatures vanquished.

Vanquished Creatures (others)
  Jessica (D:2)
  A ball python (D:2)
  A slimehead (D:2)
  55 withered plants (D:2)
58 creatures vanquished.

Grand Total: 227 creatures vanquished

Notes
Turn   | Place    | Note
-------+----------+-------------------------------------------
     0 | D:1      | gruber the Minotaur Berserker began the quest for the Orb.
     0 | D:1      | Reached XP level 1. HP: 19/19 MP: 0/0
    44 | D:1      | Reached XP level 2. HP: 15/26 MP: 1/1
    59 | D:1      | Reached skill level 5 in Maces & Staves
    59 | D:1      | Reached XP level 3. HP: 21/31 MP: 2/2
   184 | D:1      | Received a gift from Trog
   184 | D:1      | Reached XP level 4. HP: 25/39 MP: 3/3
   308 | D:1      | Reached ** piety under Trog
   384 | D:1      | Reached skill level 1 in Whips & Flails
   933 | D:2      | Noticed Jessica
   937 | D:2      | Reached skill level 2 in Whips & Flails
   937 | D:2      | Reached XP level 5. HP: 39/45 MP: 4/4
   998 | D:2      | Reached skill level 3 in Whips & Flails
  1013 | D:2      | Killed Jessica
  1025 | D:2      | Noticed a water moccasin
  1142 | D:2      | Reached skill level 4 in Whips & Flails
  1161 | D:2      | Found a hide-covered altar of Uskayaw.
  1286 | D:2      | Reached XP level 6. HP: 43/51 MP: 5/5
  1310 | D:2      | Noticed Menkaure
  1328 | D:2      | Killed Menkaure
  1328 | D:2      | Reached skill level 6 in Whips & Flails
  1449 | D:2      | Reached XP level 7. HP: 53/57 MP: 6/6
  1450 | D:2      | Reached *** piety under Trog
  1505 | D:2      | Reached skill level 7 in Whips & Flails
  1532 | D:2      | Received a gift from Trog
  1631 | D:2      | Reached skill level 8 in Whips & Flails
  2089 | D:2      | Noticed Eustachio
  2099 | D:2      | Killed Eustachio
  2139 | D:2      | Reached XP level 8. HP: 55/64 MP: 7/7
  2149 | D:2      | Reached skill level 9 in Whips & Flails
  2370 | D:3      | Identified the amulet "Sexaamal" {Acrobat -Tele rElec rPois
                  | Int+3}
  2551 | D:3      | Reached skill level 5 in Armour
  2651 | D:3      | Received a gift from Trog
  2751 | D:3      | Reached **** piety under Trog
  3183 | D:4      | Identified the cursed +9 heater shield of Loss {*Contam MR-
                  | Str+6, (Curse: rC-)}
  3183 | D:4      | Identified the +4 short sword of Jurud {molten, MP+9 Int+3}
  3187 | D:4      | Reached skill level 1 in Shields
  3600 | D:4      | Reached XP level 9. HP: 67/70 MP: 8/8
  3626 | D:4      | Reached skill level 5 in Shields
  3674 | D:4      | Identified the cursed amulet of Xesus {+Rage rN+, (Curse:
                  | *Drain Str-2)}
  3734 | D:3      | HP: 3/72 [poisoned by an orc warrior]
  3834 | D:4      | Reached skill level 5 in Fighting
  4109 | D:4      | Found a staircase to the Ecumenical Temple.
  4293 | D:4      | Found a radiant altar of Vehumet.
  4359 | D:4      | Slain by an orc warrior

Levels and vault maps discovered:
D:1:      dpeg_arrival_connections, layout_loops_cross, minivault_5
D:2:      layout_sewer, kennysheep_mini, uniq_eustachio, uniq_jessica,
          uniq_menkaure
D:3:      layout_basic, first_ration
D:4:      layout_basic, vehumet_crystals, minmay_temple_entry_glassed_door,
          grunt_ogre_cave

Skill      XL: |  1  2  3  4  5  6  7  8  9 |
---------------+----------------------------+-----
Maces & Staves | 4 5 6 |  6.6
Whips & Flails | 2 4 6 8 9 |  9.9
Armour         | 3 5 6 |  6.0
Dodging        | 3 |  3.7
Shields        | 4 5 |  5.2
Fighting       | 8 |  8.6

Action                   |  1- 3 |  4- 6 |  7- 9 || total
-------------------------+-------+-------+-------++-------
Melee: Mace              |    22 |       |       ||    22
       Unarmed           |    14 |       |   116 ||   130
       Headbutt          |     1 |     1 |    83 ||    85
       Dire flail        |       |    77 |    13 ||    90
       Leiomano          |       |       |   312 ||   312
Invok: Trog's Hand       |       |       |     1 ||     1
       Berserk           |       |       |     3 ||     3
       Brothers in Arms  |       |       |     2 ||     2
  Use: Potion            |       |       |     3 ||     3
 Stab: Distracted        |       |       |     1 ||     1
  Eat: Chunk             |       |     1 |    13 ||    14
Armor: Animal skin       |     5 |     3 |       ||     8
       Ring mail         |       |    13 |    38 ||    51
       Troll leather     |       |       |     1 ||     1
Dodge: Dodged            |     3 |    15 |    37 ||    55
Block: Other             |       |     6 |     7 ||    13
       Buckler           |       |       |     5 ||     5
